 Dungeon Crawl Stone Soup version 0.27-a0-286-g37e0bc138e (webtiles) character file.

Game seed: 6137190553501688413

264005 ReteAZ the Peltast (level 19, -1/149 HPs)
             Began as a Demonspawn Venom Mage on Feb 7, 2021.
             Was the Champion of Vehumet.
             Slain by a ghost moth (20 damage)
             ... led by a torpor snail
             ... on level 2 of the Spider Nest on Feb 8, 2021.
             The game lasted 02:44:45 (48172 turns).

ReteAZ the Peltast (Demonspawn Venom Mage)         Turns: 48172, Time: 02:44:46

Health: -1/149     AC: 18    Str: 17 (18) XL:     19   Next: 64%
Magic:  3/35       EV: 24    Int: 19 (20) God:    Vehumet [******]
Gold:   3797       SH: 20    Dex: 26 (27) Spells: 6/42 levels left

rFire    + + .     SeeInvis +   b - +9 demon blade (chaos)
rCold    + . .     Faith    .   M - +1 kite shield {rF+}
rNeg     + + +     Spirit   .   z - +2 robe {Will+}
rPois    .         Reflect  .   (helmet unavailable)
rElec    .         Harm     .   j - +2 cloak
rCorr    +         Rampage  .   E - +1 pair of gloves {Dex+3}
Will     ++...                  n - +0 pair of boots
Stlth    ++........             W - amulet "Woith" {rN++ Regen+ Str+4 Slay+5}
HPRegen  0.74/turn              x - ring "Weugreg" {rF+ rN+ Str+6 Dex+3 Stlth-}
MPRegen  0.24/turn              V - ring of Zivafuedgh {rC+ Str-4 Dex+6}

@: lethally poisoned (-1 -> -6), slowed, very slow
A: antennae 3, yellow scales 3, demonic guardian 2, icemail 1, condensation
shield
}: 1/15 runes: barnacled
a: Renounce Religion


You were on level 2 of the Spider Nest.
You worshipped Vehumet.
Vehumet was exalted by your worship.
You visited 7 branches of the dungeon, and saw 31 of its levels.
You also visited: Sewer, Gauntlet, Ice Cave and Volcano.

You collected 4057 gold pieces.
You spent 260 gold pieces at shops.

Inventory:

Hand Weapons
 b - a +9 demon blade of chaos (weapon)
 d - a +3 demon trident of freezing
 L - the +1 morningstar of Hoanerph {pain, +Inv Will+ Str+2}
   (You found it on level 4 of the Lair of Beasts)

   In the hands of one skilled in necromantic magic, it inflicts extra damage on
   living creatures.
   It affects your strength (+2).
   It affects your willpower, your defense against some magical effects.
   It lets you turn invisible.
Missiles
 s - 16 throwing nets
 H - 15 silver javelins
 T - 5 curare-tipped darts
Armour
 f - +2 steam dragon scales
 j - a +2 cloak (worn)
 n - a +0 pair of boots (worn)
 o - a +1 robe of resistance
 z - a +2 robe of willpower (worn)
 E - a +1 pair of gloves of dexterity (worn)
 M - a +1 kite shield of fire resistance (worn)
 R - +2 ice dragon scales
Magical Staves
 a - an uncursed staff of poison
 G - an uncursed staff of conjuration
Jewellery
 k - an uncursed ring of magical power
 x - the ring "Weugreg" (left hand) {rF+ rN+ Str+6 Dex+3 Stlth-}
   (You found it in a Gauntlet)

   [ring of strength]

   It affects your strength (+6).
   It affects your dexterity (+3).
   It protects you from fire.
   It protects you from negative energy.
   It makes you less stealthy.
 V - the ring of Zivafuedgh (right hand) {rC+ Str-4 Dex+6}
   (You found it in a Gauntlet)

   [ring of strength]

   It affects your strength (-4).
   It affects your dexterity (+6).
   It protects you from cold.
 W - the amulet "Woith" (around neck) {rN++ Regen+ Str+4 Slay+5}
   (You found it on level 1 of the Lair of Beasts)

   [amulet of regeneration]

   It affects your strength (+4).
   It affects your accuracy and damage with ranged weapons and melee attacks
   (+5).
   It greatly protects you from negative energy.
   It increases your rate of regeneration.
Wands
 h - a wand of flame (50)
 m - a wand of charming (8)
 A - a wand of polymorph (4)
 I - a wand of digging (18)
 K - a wand of mindburst (19)
 N - a wand of iceblast (35)
 P - a wand of acid (19)
 U - a wand of paralysis (2)
Scrolls
 c - 8 scrolls of amnesia
 e - 23 scrolls of remove curse
 g - 23 scrolls of teleportation
 l - 5 scrolls of enchant weapon
 q - 5 scrolls of identify
 u - 7 scrolls of blinking
 w - 5 scrolls of fear
 D - 5 scrolls of fog
 O - a scroll of acquirement
 Z - a scroll of magic mapping
Potions
 i - 13 potions of curing
 p - 9 potions of heal wounds
 r - 3 potions of mutation
 t - 4 potions of attraction
 v - 6 potions of lignification
 B - 7 potions of might
 C - 10 potions of flight
 F - 7 potions of haste
 J - 6 potions of berserk rage
 Q - 4 potions of magic
 S - 2 potions of brilliance
 X - 4 potions of resistance
 Y - 4 potions of invisibility
Miscellaneous
 y - a condenser vane


   Skills:
 - Level 13.0 Fighting
 - Level 8.1 Long Blades
 - Level 3.0 Armour
 - Level 10.0 Dodging
 - Level 1.7 Stealth
 - Level 15.0 Shields
 - Level 12.0 Spellcasting
 - Level 14.0 Conjurations
 + Level 9.8 Summonings
 - Level 2.0 Transmutations
 - Level 2.0 Fire Magic
 - Level 7.0 Air Magic
 - Level 10.0 Poison Magic


You had 6 spell levels left.
You knew the following spells:

 Your Spells              Type           Power        Failure   Level
a - Sting                 Tmut/Pois      100%         1%          1
b - Poisonous Vapours     Pois/Air       86%          1%          2
c - Ignite Poison         Fire/Tmut/Pois 29%          1%          3
d - Mephitic Cloud        Conj/Pois/Air  50%          1%          3
e - Olgreb's Toxic Radia  Pois           49%          1%          4
f - Lightning Bolt        Conj/Air       25%          1%          5
g - Airstrike             Air            19%          1%          4
h - Orb of Destruction    Conj           29%          4%          7
i - Spellforged Servitor  Conj/Summ      27%          11%         7

Your spell library contained the following spells:

 Spells                   Type           Power        Failure   Level
 Ignition                 Fire           9%           100%        8
 Shatter                  Erth           5%           100%        9
 Magic Dart               Conj           100%         0%          1
 Shock                    Conj/Air       100%         1%          1
 Call Imp                 Summ           49%          1%          2
 Searing Ray              Conj           100%         1%          2
 Swiftness                Air            38%          1%          2
 Conjure Flame            Conj/Fire      41%          1%          3
 Dazzling Flash           Conj/Hex       76%          1%          3
 Static Discharge         Conj/Air       50%          1%          3
 Fulminant Prism          Conj/Hex       19%          1%          4
 Hailstorm                Conj/Ice       38%          1%          4
 Iskenderun's Mystic Bla  Conj/Tloc      38%          1%          4
 Summon Lightning Spire   Summ/Air       43%          1%          4
 Irradiate                Conj/Tmut      20%          1%          5
 Iskenderun's Battlesphe  Conj           59%          1%          5
 Conjure Ball Lightning   Conj/Air       25%          3%          6
 Bolt of Magma            Conj/Fire/Erth 15%          5%          5
 Animate Skeleton         Necr           22%          6%          1
 Apportation              Tloc           22%          6%          1
 Pain                     Necr           44%          6%          1
 Passwall                 Tmut/Erth      12%          6%          2
 Blink                    Tloc           N/A          9%          2
 Ensorcelled Hibernation  Hex/Ice        22%          9%          2
 Slow                     Hex            11%          9%          2
 Iron Shot                Conj/Erth      19%          13%         6
 Shadow Creatures         Summ           N/A          16%         6
 Gell's Gravitas          Tloc           5%           19%         3
 Lesser Beckoning         Tloc           5%           19%         3
 Portal Projectile        Hex/Tloc       22%          19%         3
 Vampiric Draining        Necr           5%           19%         3
 Summon Forest            Summ/Tloc      15%          22%         5
 Summon Mana Viper        Hex/Summ       30%          22%         5
 Silence                  Hex/Air        12%          36%         5
 Lee's Rapid Deconstruct  Erth           5%           38%         5
 Animate Dead             Necr           5%           52%         4
 Passage of Golubria      Tloc           N/A          52%         4
 Agony                    Necr           11%          86%         5
 Borgnjor's Vile Clutch   Necr/Erth      5%           86%         5
 Hydra Form               Tmut           9%           99%         6
 Statue Form              Tmut/Erth      10%          99%         6
 Death Channel            Necr           5%           100%        6
 Dispersal                Tloc           5%           100%        6
 Invisibility             Hex            11%          100%        6
 Simulacrum               Ice/Necr       5%           100%        6
 Summon Hydra             Summ           24%          65%         7
 Chain Lightning          Conj/Air       25%          75%         8
 Lehudib's Crystal Spear  Conj/Erth      19%          99%         8
 Dragon Form              Tmut           9%           100%        7
 Absolute Zero            Ice            5%           100%        9
 Fire Storm               Conj/Fire      20%          100%        9
 Tornado                  Air            19%          100%        9


Dungeon Overview and Level Annotations

Branches:
Dungeon (12/15)            Temple (1/1) D:4            Lair (6/6) D:8
 Shoals (4/4) Lair:3       Spider (3/4) Lair:4        Slime (0/5) Lair:6
    Orc (2/2) D:12            Elf (3/3) Orc:2         Sewer (visited)
  IceCv (visited)         Volcano (visited)         Gauntlet (visited)

Altars:
Ashenzari
Cheibriados
Dithmenos
Elyvilon
Fedhas
Gozag
Kikubaaqudgha
Makhleb
Nemelex Xobeh
Okawaru
Qazlal
Ru
Sif Muna
Trog
Uskayaw
Vehumet
Wu Jian
Xom
Yredelemnul
Zin
The Shining One
Beogh
Jiyva

Shops:
Orc:2 =:*?   Elf:1 *   Elf:2 [   Shoals:3 (   Shoals:4 =

Annotations:
D:4 2 transporters, Grinder, Ijyb
D:9 2 runed translucent doors, highc0's ghost, novice DECj
Lair:6 2 runed translucent doors
Orc:1 3 runed translucent doors, kutty's ghost, journeyman HOMo
Elf:2 3 runed translucent doors
Elf:3 1 runed translucent door, lis82's ghost, adept DgAE


Innate Abilities, Weirdness & Mutations

You have a pair of large antennae on your head. (SInv)
You are completely covered in yellow scales. (AC +4, rCorr)
A demonic guardian rushes to your aid.
A meltable icy envelope protects you from harm. (AC +4)
A meltable shield of frost defends you. (SH +4)


Message History

You feel dopey.
The ghost moth stings you but does no damage.
You feel very sick. The ghost moth hits you.
You feel weakened. You block the ghost moth's attack.
The ghost moth stings you! You block the torpor snail's attack.
The ghost moth hits you! You block the ghost moth's attack. x2
You climb upwards.
You feel very sick.
There is a stone staircase leading down here.
You feel very sick. The ghost moth hits you!
* * * LOW HITPOINT WARNING * * *
You feel clumsy. You block the ghost moth's attack.
The ghost moth completely misses you. The ghost moth hits you!
* * * LOW HITPOINT WARNING * * *
A demonic guardian appears!
The ghost moth hits you!!
You die...

.....##.#.....#..###........#
....[#......>##......^......#
.##......#......#(........###
##....####..#...##..#..#...##
##...##.##.)#.#######^.#....#
.....#..###.###^..######..####
.......######......^#.##.....#
..#^.^.###....3w...##..##...##
..###...###...#y@###...#^..)^###
####..)..#....##...###(.......^#
.......#####..#.....#....#.#...#
......##..p#..##.#.....#####..##
...#^.#...##...###....##.^###..#
..###.#^...#.....#.####..##.#..##
..#.###..###.....######.....####.
....##....###^....#.#.#.......#..
#...#.^.....##..#^..#...##...##..


You could see a ghost moth (berserk, invisible, very poisoned), a torpor snail
(fast) and a friendly soul eater (summoned).

Vanquished Creatures
  A deep elf master archer (Elf:3)
  A deep elf blademaster (Elf:3)
  A kraken (Shoals:4)
  Kirke (Spider:2)
  2 emperor scorpions (Spider:1)
  5 deep elf sorcerers (Elf:3)
  2 frost giants
  3 ghost moths
  2 orc warlords (Orc:1)
  3 deep elf elementalists (Elf:3)
  7 deep elf demonologists
  6 deep elf annihilators (Elf:3)
  A spark wasp (Spider:1)
  4 entropy weavers
  A minotaur (Gauntlet)
  A merfolk javelineer (Shoals:3)
  3 deep elf death magi
  9 merfolk impalers
  Josephine (Shoals:1)
  4 deep elf high priests (Elf:3)
  A boulder beetle (Spider:2)
  Harold (D:7)
  5 hydras
  4 merfolk avatars
  16 dancing weapons
  5 merfolk aquamancers
  5 two-headed ogres
  3 satyrs
  An alligator snapping turtle (Shoals:1)
  Urug (D:11)
  A thrashing horror (Gauntlet)
  11 deep elf knights
  6 unseen horrors
  16 deep elf archers
  9 sea snakes
  10 orc knights (Orc:2)
  A lindwurm (Lair:6)
  Pikel (D:7)
  23 deep elf pyromancers
  6 orb spiders
  6 harpies
  9 wolf spiders
  25 deep elf zephyrmancers
  3 orc sorcerers (Orc:1)
  2 ugly things (D:10)
  16 manticores
  20 fauns
  13 elephants
  4 oklob plants (Lair:3)
  3 cyclopes
  10 merfolk sirens
  An ice statue (IceCv)
  3 water nymphs
  3 molten gargoyles
  10 black mambas
  8 cane toads
  2 gargoyles (Volcano)
  Maggie (D:6)
  10 komodo dragons
  An ice devil (Gauntlet)
  Psyche (D:8)
  4 rime drakes
  4 demonic crawlers
  7 jumping spiders
  A meliai (shapeshifter) (Elf:3)
  13 trolls
  15 polar bears
  3 wind drakes (Shoals:4)
  28 merfolk
  3 hornets
  23 blink frogs
  15 dream sheep
  10 snapping turtles
  An air elemental (Elf:1)
  43 redbacks
  3 shadows (Gauntlet)
  Sigmund (D:6)
  6 hogs (Spider:2)
  20 tarantellas
  16 water elementals
  7 wraiths
  41 yaks
  6 wyverns
  3 fire elementals
  6 basilisks
  Grum (D:10)
  2 steam dragons (Lair:6)
  3 swamp worms (Lair:1)
  4 wargs (Orc:2)
  Edmund (D:4)
  11 water moccasins
  Duvessa (D:4)
  A black bear (D:6)
  5 hell hounds (Lair:6)
  40 orc warriors
  2 sky beasts
  11 ice beasts
  A black bear (shapeshifter) (Elf:1)
  10 ogres
  A necrophage (D:6)
  3 eyes of draining
  9 centaurs
  4 small abominations (Gauntlet)
  21 wolves
  6 phantoms
  3 lemures (D:7)
  5 kobold brigands
  4 earth elementals
  17 bullfrogs
  Dowan (D:4)
  A scorpion (D:7)
  11 wights
  16 killer bees
  6 howler monkeys
  2 electric eels (Lair:3)
  4 lava snakes (Lair:6)
  4 centaur skeletons
  15 orc priests
  3 hounds
  3 jellies
  3 bullfrog skeletons
  5 iguanas
  11 orc wizards
  12 worker ants
  A hound skeleton (D:4)
  A howler monkey zombie (D:6)
  2 worker ant zombies
  11 adders
  7 gnolls
  A river rat (Sewer)
  2 shadow imps
  4 white imps
  2 ufetubi
  2 oozes
  An adder skeleton (D:6)
  A worm (D:4)
  A dart slug (D:3)
  11 leopard geckos
  86 orcs
  8 ball pythons
  4 giant cockroaches
  6 goblins
  12 hobgoblins
  17 jackals
  40 kobolds
  A quokka (D:2)
  10 bats
  5 frilled lizards
  28 rats
  A fire vortex (Lair:4)
  3 tentacles (Shoals:4)
1145 creatures vanquished.

Vanquished Creatures (collateral kills)
  A deep elf death mage (Elf:3)
  A satyr (Shoals:3)
  A dancing weapon (Elf:1)
  A harpy (Shoals:3)
  A deep elf zephyrmancer (Elf:2)
  2 fauns
  3 merfolk
  3 snapping turtles
  A redback (Spider:1)
  2 water elementals (Shoals:1)
  A water moccasin (Lair:2)
  A wolf (Lair:6)
  A phantom (D:11)
  A wight (D:11)
20 creatures vanquished.

Vanquished Creatures (others)
  A deep elf knight (Elf:1)
  29 fungi
  178 plants
  2 tentacles (Shoals:4)
  3 withered plants (Gauntlet)
213 creatures vanquished.

Grand Total: 1378 creatures vanquished

Notes
Turn   | Place    | Note
-------+----------+-------------------------------------------
     0 | D:1      | ReteAZ the Demonspawn Venom Mage began the quest for the
                  | Orb.
     0 | D:1      | Reached XP level 1. HP: 13/13 MP: 3/3
     3 | D:1      | Noticed an electric eel
     4 | D:1      | Noticed an electric eel
   125 | D:1      | Reached skill level 1 in Transmutations
   393 | D:1      | Gained mutation: A meltable shield of frost defends you.
                  | (SH +4) [demonic ancestry]
   393 | D:1      | Reached XP level 2. HP: 19/19 MP: 3/5
   672 | D:1      | Gained mutation: You are partially covered in yellow
                  | scales. (AC +2) [demonic ancestry]
   672 | D:1      | Reached XP level 3. HP: 16/24 MP: 1/6
   771 | D:1      | Learned a level 2 spell: Poisonous Vapours
  1978 | D:2      | Found a shimmering blue altar of Sif Muna.
  2133 | D:2      | Gained mutation: You have a pair of small antennae on your
                  | head. [demonic ancestry]
  2133 | D:2      | Reached XP level 4. HP: 25/30 MP: 5/7
  2489 | D:2      | Learned a level 3 spell: Ignite Poison
  2776 | D:2      | Found a glowing golden altar of the Shining One.
  3286 | D:3      | Reached skill level 1 in Air Magic
  3602 | D:3      | Reached XP level 5. HP: 35/35 MP: 9/9
  4006 | D:4      | Noticed Duvessa
  4006 | D:4      | Noticed Dowan
  4192 | D:4      | Found a transporter.
  4261 | D:4      | Noticed Edmund
  4265 | D:4      | Noticed Grinder
  4347 | D:4      | Noticed Ijyb
  4583 | D:4      | Reached skill level 1 in Fire Magic
  4594 | D:4      | Found a transporter.
  4617 | D:4      | Gained mutation: You are mostly covered in yellow scales.
                  | (AC +3) [demonic ancestry]
  4617 | D:4      | Reached XP level 6. HP: 41/41 MP: 2/10
  4764 | D:4      | Killed Duvessa
  4765 | D:4      | Reached skill level 5 in Poison Magic
  4933 | D:4      | Found a staircase to the Ecumenical Temple.
  4944 | Temple   | Entered the Ecumenical Temple
  5162 | D:4      | Killed Dowan
  5185 | D:4      | Killed Edmund
  5186 | D:4      | Reached XP level 7. HP: 46/46 MP: 1/12
  5195 | D:4      | Paralysed by Grinder for 7 turns
  5435 | D:5      | Entered Level 5 of the Dungeon
  5569 | D:5      | Learned a level 3 spell: Mephitic Cloud
  5644 | D:5      | Found a white marble altar of Elyvilon.
  5880 | D:5      | Found a glowing drain.
  5889 | Sewer    | Entered a sewer
  5980 | Sewer    | Reached skill level 1 in Fighting
  5980 | Sewer    | Reached skill level 1 in Conjurations
  6969 | D:5      | Upgraded the game from 0.27-a0-277-g024f7ef292 to
                  | 0.27-a0-286-g37e0bc138e
  7555 | D:6      | Gained mutation: You are completely covered in yellow
                  | scales. (AC +4, rCorr) [demonic ancestry]
  7555 | D:6      | Reached XP level 8. HP: 49/56 MP: 14/14
  7921 | D:6      | Noticed Maggie
  7929 | D:6      | Killed Maggie
  8311 | D:6      | Reached skill level 5 in Fighting
  8827 | D:6      | Noticed Sigmund
  8831 | D:6      | Killed Sigmund
  8832 | D:6      | Reached XP level 9. HP: 63/69 MP: 14/15
  9237 | D:6      | Learned a level 4 spell: Olgreb's Toxic Radiance
 10517 | D:7      | Noticed Pikel
 10522 | D:7      | Killed Pikel
 10523 | D:7      | Reached skill level 1 in Shields
 10683 | D:7      | Reached skill level 2 in Shields
 10822 | D:7      | Gained mutation: A weak demonic guardian rushes to your
                  | aid. [demonic ancestry]
 10822 | D:7      | Reached XP level 10. HP: 47/82 MP: 16/16
 11188 | D:7      | Noticed Harold
 11193 | D:7      | Killed Harold
 11194 | D:7      | Reached skill level 3 in Shields
 11637 | D:8      | Found a staircase to the Lair.
 11808 | D:8      | Found a radiant altar of Vehumet.
 11814 | D:8      | Became a worshipper of Vehumet
 11868 | D:8      | Noticed Psyche
 11874 | D:8      | Killed Psyche
 11875 | D:8      | Reached skill level 4 in Shields
 12248 | D:8      | Reached skill level 10 in Fighting
 12927 | D:9      | Reached skill level 5 in Shields
 12936 | D:9      | Noticed an elephant
 12955 | D:9      | Killed an elephant
 13049 | D:9      | Noticed a two-headed ogre
 13057 | D:9      | Killed a two-headed ogre
 13058 | D:9      | Reached skill level 6 in Shields
 13211 | D:9      | Reached skill level 7 in Shields
 13288 | D:9      | Reached XP level 11. HP: 80/90 MP: 17/17
 13378 | D:9      | Reached * piety under Vehumet
 13378 | D:9      | Offered knowledge of Shock by Vehumet.
 13674 | D:9      | Found a large runed translucent door.
 13675 | D:9      | Found a large runed translucent door.
 13801 | D:9      | Reached skill level 8 in Shields
 14170 | D:9      | Noticed highc0's ghost (novice DECj)
 14205 | D:9      | Found a snail-covered altar of Cheibriados.
 14650 | D:10     | Entered Level 10 of the Dungeon
 14770 | D:10     | Noticed a two-headed ogre
 14775 | D:10     | Killed a two-headed ogre
 14776 | D:10     | Reached skill level 9 in Shields
 14921 | D:10     | Noticed Grum
 14921 | D:10     | Noticed a cyan ugly thing
 14929 | D:10     | Reached ** piety under Vehumet
 14929 | D:10     | Offered knowledge of Freeze by Vehumet.
 15399 | D:10     | Killed Grum
 15401 | D:10     | Noticed a cyan ugly thing
 15411 | D:10     | Killed a cyan ugly thing
 15546 | D:10     | Killed an unseen horror
 15547 | D:10     | Reached skill level 10 in Shields
 15610 | D:10     | Noticed a two-headed ogre
 15615 | D:10     | Killed a two-headed ogre
 15691 | D:10     | Found a glowing golden altar of the Shining One.
 15721 | D:10     | Killed a cyan ugly thing
 16271 | D:11     | Reached skill level 11 in Shields
 16271 | D:11     | Noticed Urug
 16285 | D:11     | Killed Urug
 16389 | D:11     | Offered knowledge of Stone Arrow by Vehumet.
 16563 | D:11     | Gained mutation: You have a pair of antennae on your head.
                  | [demonic ancestry]
 16563 | D:11     | Reached XP level 12. HP: 94/97 MP: 18/18
 16629 | D:11     | Noticed a two-headed ogre
 16635 | D:11     | Killed a two-headed ogre
 16635 | D:11     | Reached *** piety under Vehumet
 16767 | D:11     | Reached skill level 12 in Shields
 16809 | D:11     | Offered knowledge of Static Discharge by Vehumet.
 17504 | D:12     | Noticed a two-headed ogre
 17536 | D:12     | Killed a two-headed ogre
 17537 | D:12     | Reached skill level 1 in Armour
 17612 | D:12     | Noticed a five-headed hydra
 18201 | D:12     | Found a staircase to the Orcish Mines.
 18211 | D:12     | Found a roughly hewn altar of Beogh.
 18215 | D:12     | Reached **** piety under Vehumet
 18373 | D:12     | Killed an eight-headed hydra
 18751 | Lair:1   | Entered Level 1 of the Lair of Beasts
 18934 | Lair:1   | Offered knowledge of Lightning Bolt by Vehumet.
 18938 | Lair:1   | Reached skill level 5 in Spellcasting
 18961 | Lair:1   | Learned a level 5 spell: Lightning Bolt
 19270 | Lair:1   | Got a slimy graven amulet
 19694 | Lair:1   | You fall into a shaft and drop 1 floor!
 20312 | Lair:2   | Identified the amulet "Woith" {rN++ Regen+ Str+4 Slay+5}
                  | (You found it on level 1 of the Lair of Beasts)
 20482 | Lair:2   | Noticed an eight-headed hydra
 20489 | Lair:2   | Killed an 11-headed hydra
 20490 | Lair:2   | Gained mutation: A meltable icy envelope protects you from
                  | harm. (AC +4) [demonic ancestry]
 20490 | Lair:2   | Reached XP level 13. HP: 68/103 MP: 21/21
 20767 | Lair:2   | You fall into a shaft and drop 2 floors!
 20831 | Lair:4   | Found a gate leading to a gauntlet.
 20891 | Lair:4   | Identified the +1 morningstar of Hoanerph {pain, +Inv Will+
                  | Str+2} (You found it on level 4 of the Lair of Beasts)
 20951 | Lair:4   | Reached skill level 5 in Air Magic
 20972 | Gauntlet | Entered a Gauntlet
 20972 | Gauntlet | Found a transporter.
 20981 | Gauntlet | Found a transporter.
 20982 | Gauntlet | Found a transporter.
 20999 | Gauntlet | Found a transporter.
 21002 | Gauntlet | Found a transporter.
 21012 | Gauntlet | Found a transporter.
 21028 | Gauntlet | Found a transporter.
 21039 | Gauntlet | Found a transporter.
 21050 | Gauntlet | Found a transporter.
 21051 | Gauntlet | Found a runed translucent door.
 21052 | Gauntlet | Noticed a death ooze
 21060 | Gauntlet | Found a runed translucent door.
 21066 | Gauntlet | Found a transporter.
 21081 | Gauntlet | Found a transporter.
 21083 | Gauntlet | Found a transporter.
 21124 | Gauntlet | Found a transporter.
 21141 | Gauntlet | Found a transporter.
 21364 | Gauntlet | Identified the Reference Book on Orientation
 21406 | Gauntlet | Got a fine lapis lazuli ring
 21499 | Gauntlet | Identified the +5 trident "Weck" {speed, +Fly Will- Int+4}
 21499 | Gauntlet | Noticed a minotaur
 21509 | Gauntlet | Killed a minotaur
 21510 | Gauntlet | Reached skill level 13 in Shields
 21539 | Gauntlet | Got a sparkling ivory ring
 21548 | Gauntlet | Identified the ring "Weugreg" {rF+ rN+ Str+6 Dex+3 Stlth-}
                  | (You found it in a Gauntlet)
 21550 | Gauntlet | Identified the cursed ring of Zivafuedgh {rC+ Str-4 Dex+6}
                  | (You found it in a Gauntlet)
 21558 | Gauntlet | Got a shimmering jade ring
 21560 | Gauntlet | Identified the ring "Oggy" {Str+3 Int+6} (You found it in a
                  | Gauntlet)
 21630 | Lair:4   | Reached skill level 5 in Dodging
 21630 | Lair:4   | Reached skill level 5 in Conjurations
 21677 | Lair:4   | Learned a level 4 spell: Airstrike
 21714 | Lair:4   | Got an ancient mace
 21715 | Lair:4   | Identified the +5 mace "Arbiter" {vorpal, *Noise Str+3
                  | Int+3} (You found it on level 4 of the Lair of Beasts)
 23163 | Lair:3   | Reached ***** piety under Vehumet
 23209 | Lair:3   | Found a staircase to the Shoals.
 23210 | Lair:3   | Offered knowledge of Iskenderun's Battlesphere by Vehumet.
 25224 | Lair:4   | Found a hole to the Spider Nest.
 26441 | Lair:6   | Entered Level 6 of the Lair of Beasts
 26454 | Lair:6   | Reached skill level 14 in Shields
 26454 | Lair:6   | Reached XP level 14. HP: 110/110 MP: 12/23
 26607 | Lair:6   | Found a frozen archway.
 26666 | IceCv    | Entered an ice cave
 27405 | IceCv    | Noticed a frost giant
 27429 | IceCv    | Killed a frost giant
 27430 | IceCv    | Reached skill level 15 in Shields
 27469 | IceCv    | Got a polished great sword
 27576 | Lair:6   | Identified the +5 great sword "Atapeh" {vorpal, rC- Dex+6}
                  | (You found it in an ice cave)
 27670 | Lair:6   | Found a viscous altar of Jiyva.
 27671 | Lair:6   | Found a staircase to the Slime Pits.
 27716 | Lair:6   | Got a polished hunting sling
 29338 | Lair:6   | Found a large runed translucent door.
 29338 | Lair:6   | Found a large runed translucent door.
 29653 | Orc:1    | Entered Level 1 of the Orcish Mines
 29653 | Orc:1    | Noticed an orc warlord
 29660 | Orc:1    | Killed an orc warlord
 29685 | Orc:1    | Offered knowledge of Sticky Flame by Vehumet.
 29747 | Orc:1    | Paralysed by an orc sorcerer for 2 turns
 29751 | Orc:1    | Paralysed by an orc sorcerer for 4 turns
 29851 | Orc:1    | Found a runed translucent gate.
 29851 | Orc:1    | Found a runed translucent gate.
 29851 | Orc:1    | Found a runed translucent gate.
 29855 | Orc:1    | Noticed kutty's ghost (journeyman HOMo)
 29856 | Orc:1    | Noticed an orc warlord
 29869 | Orc:1    | Killed an orc warlord
 29869 | Orc:1    | Paralysed by an orc sorcerer for 5 turns
 29870 | Orc:1    | Reached skill level 10 in Spellcasting
 30054 | Orc:1    | Found a dark tunnel.
 30063 | Volcano  | Entered a volcano
 30307 | Orc:1    | Found a bloodstained altar of Trog.
 30689 | Orc:2    | Entered Level 2 of the Orcish Mines
 31048 | Orc:2    | Gained mutation: A demonic guardian rushes to your aid.
                  | [demonic ancestry]
 31048 | Orc:2    | Reached XP level 15. HP: 115/115 MP: 21/29
 31213 | Orc:2    | Found a roughly hewn altar of Beogh.
 31284 | Orc:2    | Found Sapapao's Magic Scroll Boutique.
 31284 | Orc:2    | Found Zaon's General Store.
 31391 | Orc:2    | Found Yggefozi's Book Boutique.
 31426 | Orc:2    | Found Wico's Jewellery Shoppe.
 31429 | Orc:2    | Reached ****** piety under Vehumet
 31486 | Orc:2    | Bought a scroll of magic mapping for 49 gold pieces
 31486 | Orc:2    | Bought a scroll of fear for 49 gold pieces
 31499 | Orc:2    | Bought a scroll of teleportation for 36 gold pieces
 31499 | Orc:2    | Bought a scroll of teleportation for 36 gold pieces
 31499 | Orc:2    | Bought a scroll of blinking for 90 gold pieces
 31574 | Orc:2    | Found a staircase to the Elven Halls.
 32040 | Spider:1 | Entered Level 1 of the Spider Nest
 32706 | Spider:1 | Offered knowledge of Orb of Destruction by Vehumet.
 32715 | Spider:1 | Learned a level 7 spell: Orb of Destruction
 32937 | Spider:1 | HP: 3/115 [something (16)]
 32941 | Spider:1 | Killed a ghost moth
 33493 | Shoals:1 | Entered Level 1 of the Shoals
 33573 | Shoals:1 | Reached skill level 1 in Long Blades
 33657 | Shoals:1 | Noticed Josephine
 33680 | Shoals:1 | Killed Josephine
 34061 | Shoals:1 | You fall into a shaft and drop 1 floor!
 34615 | Shoals:1 | Reached skill level 10 in Poison Magic
 34723 | Shoals:2 | Reached skill level 10 in Conjurations
 34960 | Shoals:2 | Gained mutation: You have a pair of large antennae on your
                  | head. (SInv) [demonic ancestry]
 34960 | Shoals:2 | Reached XP level 16. HP: 98/122 MP: 30/32
 35247 | Shoals:2 | Offered knowledge of Lee's Rapid Deconstruction by Vehumet.
 35525 | Shoals:3 | Found Zijuoc's Antique Weapon Boutique.
 35540 | Shoals:3 | Reached skill level 5 in Long Blades
 36825 | Shoals:4 | Entered Level 4 of the Shoals
 36825 | Shoals:4 | Found Judwe's Jewellery Emporium.
 37070 | Shoals:4 | Offered knowledge of Bolt of Magma by Vehumet.
 37664 | Shoals:4 | Noticed a kraken
 37671 | Shoals:4 | Killed a kraken
 37878 | Shoals:4 | Got a barnacled rune of Zot
 39091 | Elf:1    | Entered Level 1 of the Elven Halls
 39264 | Elf:1    | Reached XP level 17. HP: 54/128 MP: 16/33
 39555 | Elf:1    | Found Wiyp's Assorted Antiques.
 39634 | Elf:1    | Got a slimy platinum amulet
 39635 | Elf:1    | Identified the amulet "Tehais" {Faith +Blink Slay+6} (You
                  | found it on level 1 of the Elven Halls)
 40589 | Elf:1    | Offered knowledge of Ozocubu's Refrigeration by Vehumet.
 41465 | Elf:2    | Found Jaesot's Armour Shop.
 42035 | Elf:2    | Found a runed translucent gate.
 42037 | Elf:2    | Found a runed translucent gate.
 42038 | Elf:2    | Found a runed translucent gate.
 42300 | Elf:3    | Entered Level 3 of the Elven Halls
 42566 | Elf:3    | Found a runed translucent door.
 42753 | Elf:3    | Noticed lis82's ghost (adept DgAE)
 43463 | Elf:3    | Noticed a Hell Sentinel
 43525 | Elf:3    | Noticed a Brimstone Fiend
 43626 | Elf:3    | Offered knowledge of Freezing Cloud by Vehumet.
 43627 | Elf:3    | Noticed a deep elf master archer
 43635 | Elf:3    | Killed a deep elf master archer
 43761 | Elf:3    | Noticed a Hell Sentinel
 43762 | Elf:3    | Noticed a deep elf blademaster
 43767 | Elf:3    | Reached XP level 18. HP: 141/141 MP: 5/34
 44248 | Elf:3    | Identified the +11 great sword "Nity" {vorpal, *Contam
                  | Will+ Str+8 Stlth+}
 44256 | Elf:3    | HP: 3/142 [deep elf zephyrmancer/bolt of lightning (27)]
 44395 | Elf:3    | Learned a level 7 spell: Spellforged Servitor
 44418 | Elf:3    | Reached skill level 1 in Summonings
 44586 | Elf:3    | Reached skill level 10 in Dodging
 45266 | Elf:3    | Identified the Catalogue of Cold and the Traveller
 45335 | Elf:3    | Identified the Volume of Execration and the Birds
 45344 | Elf:3    | Identified a scroll of acquirement
 45987 | Spider:1 | Reached XP level 19. HP: 149/149 MP: 35/35
 47305 | Spider:2 | Noticed Kirke
 47325 | Spider:2 | Killed Kirke
 47412 | Spider:2 | Offered knowledge of Shatter by Vehumet.
 47412 | Spider:2 | Offered knowledge of Ignition by Vehumet.
 48172 | Spider:2 | Slain by a ghost moth

Illustrated notes

Levels and vault maps discovered:
D:1:      arrival_aquarium_b, layout_basic, st_stairs_10,
          chequers_serial_rivers_micro_e
D:2:      minmay_door_path, layout_basic, old_standard_altar,
          general_overflow_altar, minmay_misc_feat_iff, st_stairs_12
D:3:      layout_loops_ring
D:4:      gammafunk_cloud_chamber, layout_cave_pools,
          amethyst_overflow_temple_binary, minmay_temple_entry_ruins,
          uniq_edmund, uniq_ijyb, uniq_duvessa, uniq_grinder
D:5:      layout_loops_cross, portal_sewer_entry_d, st_stairs_6,
          elyvilon_altar_1
D:6:      minmay_chambers_of_threes, layout_basic, serial_bayou_ford_a,
          uniq_maggie, uniq_sigmund
D:7:      layout_loops_ring, uniq_harold, uniq_pikel
D:8:      layout_loops_corners, old_standard_altar, david_lair_generic,
          grunt_decor_one_mirror, hangedman_decor_slide_cut, uniq_psyche
D:9:      wad_woods_settlement, layout_basic, lemuel_crystal_altar,
          ebering_ghost_disaster_area
D:10:     layout_irregular_city, serial_column_ruins, column_ruins_temple_hut,
          column_ruins_grid_1, column_ruins_columns_dead_end,
          column_ruins_grid_1, column_ruins_open_tiny, uniq_grum
D:11:     layout_long_grid, special_room [special_room_orc], uniq_urug
D:12:     layout_basic, minmay_orc_entry_temple_small
Temple:   compressed_dpeg_circular_temple
Lair:1:   layout_regular_city, minmay_stone_trees_medium, worms_lemuel,
          grunt_megastairs_5
Lair:2:   layout_long_grid
Lair:3:   layout_layer_cave, elwin_shoals_entry_stream,
          infiniplex_staircase_pool, minmay_lair_oklob_chamber
Lair:4:   layout_gridlike, spider_nest_entry_rubble, gauntlet_entry_generic
Lair:5:   layout_long_grid, chequers_serial_rivers_small_b, serial_bayou_pond_b
Lair:6:   cheibrodos_lair_end_hotspot, layout_regular_city, slime_altar_1,
          portal_ice_cave_entry_ice_beasts
Shoals:1: layout_shoals, uniq_josephine
Shoals:2: layout_shoals
Shoals:3: layout_shoals, serial_shops, nicolae_shop_statue_plus, st_sunken_huts
Shoals:4: shoals_end_grunt_ice, layout_shoals, serial_shops, nicolae_shop_trees
Spider:1: layout_spider_delve
Spider:2: layout_spider_delve, guppyfry_spider_mini_1, uniq_kirke
Spider:3: layout_spider_delve, guppyfry_hornet_nest, uniq_arachne
Orc:1:    layout_diamond_mine, enter_volcano_2, gammafunk_ghost_split,
          nicolae_orc_stony_grotto, trog_butcher_becter
Orc:2:    st_orc_town, layout_caves, nicolae_orc_rockfall
Elf:1:    eino_elf_arrival_the_gate, layout_gridlike, serial_shops, shop,
          evilmike_minifort, serial_sigils_hangedman_quiver, minivault_4,
          due_unseen_surprise
Elf:2:    layout_rooms, serial_shops, shop, uniq_azrael, uniq_asterion
Elf:3:    minmay_elf_hall_spiked, layout_geoelf_octagon,
          ebering_ghost_reflecting_pool, minivault_24, lemuel_flame_loot_1

Skill      XL: |  1  2  3  4  5  6  7  8  9 10 11 12 13 14 15 16 17 18 19 |
---------------+----------------------------------------------------------+-----
Transmutations | 1 2 |  2.0
Poison Magic   | 4 5 7 8 9 10 | 10.0
Air Magic      | 1 2 4 6 7 |  7.0
Spellcasting   | 3 4 5 6 10 12 | 12.0
Fire Magic     | 1 2 |  2.0
Fighting       | 2 6 8 10 12 13 | 13.0
Conjurations   | 2 3 4 8 10 13 14 | 14.0
Shields        | 2 7 11 12 14 15 | 15.0
Armour         | 3 |  3.0
Dodging        | 4 5 9 10 | 10.0
Long Blades    | 4 8 |  8.1
Summonings     | 6 9 |  9.8
Stealth        | |  1.7

Action                   |  1- 3 |  4- 6 |  7- 9 | 10-12 | 13-15 | 16-18 | 19-21 || total
-------------------------+-------+-------+-------+-------+-------+-------+-------++-------
Melee: Unarmed           |     3 |       |       |       |       |       |       ||     3
       Club              |    14 |       |       |       |       |       |       ||    14
       Whip              |    37 |    76 |     5 |       |       |       |       ||   118
       Flail             |       |       |   189 |    28 |       |       |       ||   217
       Short sword       |       |       |     8 |       |       |       |       ||     8
       Long sword        |       |       |   162 |   419 |    22 |       |       ||   603
       Morningstar       |       |       |       |       |   244 |       |       ||   244
       Staff             |       |       |       |       |    58 |     2 |    64 ||   124
       Demon blade       |       |       |       |       |   454 |   402 |    38 ||   894
 Cast: Sting             |    59 |    26 |     2 |     3 |       |       |       ||    90
       Poisonous Vapours |       |    25 |    35 |   110 |   172 |   244 |    36 ||   622
       Ignite Poison     |       |       |    10 |    45 |    74 |    77 |    10 ||   216
       Mephitic Cloud    |       |       |     4 |    30 |    27 |     5 |       ||    66
       Olgreb's Toxic Ra |       |       |     6 |    45 |   109 |    80 |    30 ||   270
       Airstrike         |       |       |       |       |    74 |    26 |     8 ||   108
       Lightning Bolt    |       |       |       |       |    33 |    21 |     3 ||    57
       Orb of Destructio |       |       |       |       |       |    27 |    13 ||    40
Evoke: Wand              |       |       |       |       |     3 |     1 |       ||     4
       Box of beasts     |       |       |       |       |     1 |       |       ||     1
  Use: Scroll            |       |       |     1 |    20 |    22 |     9 |       ||    52
       Potion            |       |       |       |     1 |     7 |     9 |       ||    17
 Stab: Sleeping          |       |     1 |     2 |     5 |       |       |       ||     8
       Distracted        |       |       |       |     1 |       |     3 |     1 ||     5
       Confused          |       |       |       |     1 |       |       |       ||     1
       Petrifying        |       |       |       |       |       |     2 |       ||     2
Armor: Robe              |    18 |    22 |   110 |       |   127 |    66 |    40 ||   383
       Steam dragon scal |       |       |    63 |   147 |    76 |       |       ||   286
       Ice dragon scales |       |       |       |       |    76 |       |       ||    76
Dodge: Dodged            |    40 |    48 |   357 |   304 |   504 |   217 |   117 ||  1587
Block: Other             |    17 |    18 |    76 |    22 |       |       |       ||   133
       Kite shield       |       |       |       |   332 |  1153 |   436 |   181 ||  2102
       Rpst.: Long sword |       |       |    49 |    76 |     4 |       |       ||   129
       Demon blade       |       |       |       |       |    55 |    40 |     5 ||   100

Table legend: (Time is in decaauts)
 A = Elapsed time spent in this place.
 B = Non-inter-level travel time spent in this place.
 C = Inter-level travel time spent in this place.
 D = Time resting spent in this place.
 E = Time spent auto-exploring this place.
 F = Levels seen in this place.
 G = Mean time per level.
                   A        B        C        D        E       F      G
               +--------+--------+--------+--------+--------+-----+--------+
         Total |  49260 |  46311 |   2949 |  11275 |  21876 |  35 | 1407.4 |
       Dungeon |  18437 |  17051 |   1386 |   3604 |   9087 |  12 | 1536.4 |
        Temple |    136 |    105 |     31 |      0 |     52 |   1 |  136.0 |
          Lair |  10043 |   9307 |    736 |   1915 |   5295 |   6 | 1673.8 |
        Shoals |   5763 |   5472 |    291 |   1269 |   2396 |   4 | 1440.8 |
   Spider Nest |   3358 |   3283 |     75 |   1232 |   1181 |   3 | 1119.3 |
  Orcish Mines |   2206 |   2071 |    135 |    143 |   1128 |   2 | 1103.0 |
   Elven Halls |   6531 |   6237 |    294 |   2700 |   1642 |   3 | 2177.0 |
         Sewer |   1133 |   1133 |      0 |      0 |    781 |   1 | 1133.0 |
      Ice Cave |    964 |    964 |      0 |    245 |    169 |   1 |  964.0 |
       Volcano |     63 |     63 |      0 |      0 |     14 |   1 |   63.0 |
      Gauntlet |    623 |    623 |      0 |    167 |    130 |   1 |  623.0 |
               +--------+--------+--------+--------+--------+-----+--------+

Top non-repeatable levels by time:
   Elf:3: 3268 daAuts
  Lair:3: 2464 daAuts
   Elf:1: 2416 daAuts
     D:6: 2162 daAuts
     D:9: 2063 daAuts
  Lair:6: 2005 daAuts
Shoals:4: 1845 daAuts
     D:7: 1778 daAuts
  Lair:4: 1748 daAuts
Shoals:3: 1716 daAuts
     D:1: 1716 daAuts
Spider:2: 1707 daAuts
    D:11: 1611 daAuts
     D:8: 1574 daAuts
Spider:1: 1571 daAuts
